 Dungeon Crawl Stone Soup version 0.31-a0-229-g1fc7ce93e2 (webtiles) character file.

Game seed: 6387371169241105035

329 qw the Shooter (level 6, -3/37 HPs)
             Began as a Gargoyle Hexslinger on July 6, 2023.
             Was an Initiate of Okawaru.
             Slain by Pikel
             ... wielding a +1 whip of flaming
              (6 damage)
             ... on level 6 of the Dungeon.
             The game lasted 00:01:54 (4874 turns).

qw the Shooter (Gargoyle Hexslinger)                Turns: 4874, Time: 00:01:55

Health: -3/37      AC: 10    Str: 12    XL:     6   Next: 50%
Magic:  7/7        EV: 10    Int: 13    God:    Okawaru [......]
Gold:   216        SH:  0    Dex: 14    Spells: 6/7 levels left

rFire   . . .        Y - +4 sling
rCold   . . .        (no shield)
rNeg    + . .        a - +0 ring mail
rPois   inf          b - +0 helmet
rElec   +            (no cloak)
rCorr   .            (no gloves)
SInv    +            (no boots)
Will    .....        (no amulet)
Stlth   +            c - ring of see invisible
HPRegen 0.26/turn    (no ring)
MPRegen 0.10/turn

%: no passive effects
@: no status effects
A: sickness immunity, AC +4, negative energy resistance 1, electricity
resistance, torment resistance 1, petrification resistance
a: Renounce Religion


You were on level 6 of the Dungeon.
You worshipped Okawaru.
Okawaru was noncommittal.
You visited 2 branches of the dungeon, and saw 7 of its levels.

You collected 216 gold pieces.


Innate Abilities, Weirdness & Mutations

You are immune to sickness and miasma.
Your stone body is resilient. (AC +4)
You are immune to poison.
You resist negative energy. (rN+)
You are resistant to electric shocks. (rElec)
You are resistant to unholy torment.
You are immune to petrification.


   Skills:
 - Level 3.5 Fighting
 + Level 5.7 Ranged Weapons
 - Level 1.1 Armour
 - Level 1.5 Dodging
 - Level 1.0 Spellcasting
 - Level 2.6 Hexes


You had 6 spell levels left.
You knew the following spells:

 Your Spells              Type           Power      Damage    Failure   Level
a - Slow                  Hex            28%        N/A       22%         1

Your spell library contained the following spells:

 Spells                   Type           Power      Damage    Failure   Level
 Inner Flame              Hex/Fire       4%         N/A       73%         3
 Portal Projectile        Hex/Tloc       8%         N/A       73%         3
 Cause Fear               Hex            3%         N/A       91%         4

Inventory:

Hand Weapons
 Y - a +4 sling (weapon)
Armour
 a - a +0 ring mail (worn)
 b - a +0 helmet (worn)
 f - the +0 ring mail "Kimulil" {Harm rElec Regen+ Str-4}
   (You found it on level 5 of the Dungeon)

   Str:       It affects your strength (-4).
   rElec:     It insulates you from electricity.
   Regen:     It increases your rate of health regeneration.
   Harm:      It increases damage dealt and taken.
Jewellery
 c - a ring of see invisible (left hand)
 g - a ring of ice
Scrolls
 h - a scroll of identify
Potions
 d - a potion of curing
 e - a potion of haste
 k - a potion of lignification {unknown}

Dungeon Overview and Level Annotations

Branches:
Dungeon (6/15)             Temple (1/1) D:6

Altars:
Dithmenos
Fedhas
Hepliaklqana
Kikubaaqudgha
Makhleb
Nemelex Xobeh
Okawaru
Qazlal
Ru
Sif Muna
Trog
Wu Jian
Yredelemnul
Zin

Shops:
D:2 =

Annotations:
D:6 Pikel


Message History

Pikel hits you but does no damage. Pikel barely misses you.
You shoot a sling bullet. The sling bullet hits Pikel!
Pikel is heavily wounded.
Pikel hits you but does no damage.
You shoot a sling bullet. The sling bullet hits Pikel!
Pikel is severely wounded.
Pikel closely misses you.
You shoot a sling bullet.
The sling bullet hits Pikel but does no damage.
Pikel is severely wounded.
Pikel hits you with a +1 whip of flaming!
Pikel burns you.
You shoot a sling bullet.
The sling bullet hits Pikel but does no damage.
Pikel is severely wounded.
Pikel hits you but does no damage.
Pikel hits you with a +1 whip of flaming.
Pikel burns you.
You shoot a sling bullet.
The sling bullet hits Pikel but does no damage.
Pikel is severely wounded.
Pikel hits you with a +1 whip of flaming.
Pikel burns you.
You shoot a sling bullet.
The sling bullet completely misses Pikel.
Pikel misses you.
You shoot a sling bullet. The sling bullet hits Pikel.
Pikel is severely wounded.
Pikel barely misses you.
You shoot a sling bullet. The sling bullet hits Pikel.
Pikel is almost dead.
Pikel hits you with a +1 whip of flaming!
Pikel burns you.
You shoot a sling bullet. The sling bullet closely misses Pikel.
Pikel hits you but does no damage. Pikel misses you.
You shoot a sling bullet.
The sling bullet hits Pikel but does no damage.
Pikel is almost dead.
Pikel hits you with a +1 whip of flaming.
You die...

## ## .##. ##...
.... #55
########5#
.......#K#####..
###$@.......#
#......#####
#######
#....##.....#
#.....# #....#
#.###.## #.....#
...## #.#
#..####.....# ..
#.#
##....'..>..+ .
#.#
##....#.....#
#.#
#.....#.....#
#.#
#.....#.....#


You could see Pikel and 3 lemures.

Vanquished Creatures
  A lemure (D:6)
  A howler monkey (D:5)
  A jelly (D:5)
  A sleepcap (D:4)
  An iguana (D:4)
  Ijyb (D:5)
  A gnoll (D:1)
  5 adders
  A white imp (D:5)
  2 ufetubi
  A worm (D:2)
  2 dart slugs (D:1)
  12 orcs
  9 bats
  7 endoplasms
  4 giant cockroaches
  4 goblins
  7 hobgoblins
  8 jackals
  7 kobolds
  3 quokkas (D:1)
  2 ball pythons (D:1)
  4 frilled lizards
  8 rats
93 creatures vanquished.

Notes
Turn   | Place    | Note
-------+----------+-------------------------------------------
     0 | D:1      | qw the Gargoyle Hexslinger began the quest for the Orb.
     0 | D:1      | Reached XP level 1. HP: 12/12 MP: 2/2
     0 | D:1      | 0 ||| qw: Version: 0.3-a-46-gb1f654a
     0 | D:1      | 0 ||| qw: Game counter: 1530
     0 | D:1      | 0 ||| qw: Melee chars always use a shield: true
     0 | D:1      | 0 ||| qw: God list: Okawaru
     0 | D:1      | 0 ||| qw: Allow faded altars: false
     0 | D:1      | 0 ||| qw: Do Orc after clearing Dungeon:15 true
     0 | D:1      | 0 ||| qw: Do second Lair branch before Depths: true
     0 | D:1      | 0 ||| qw: Lair rune preference: random
     0 | D:1      | 0 ||| qw: Goals: Normal
     0 | D:1      | 0 ||| PLANNING D:1-11
    62 | D:1      | Reached XP level 2. HP: 16/16 MP: 3/3
   119 | D:1      | Reached skill level 3 in Ranged Weapons
   184 | D:1      | Reached XP level 3. HP: 11/21 MP: 4/4
   650 | D:1      | 650 ||| READING scroll labelled ZECKIC OMY KYU.
   651 | D:1      | 651 ||| READING scroll labelled LIUMUBBURR.
   652 | D:1      | 652 ||| READING 2 scrolls labelled SOACVUE PUURO.
   653 | D:1      | 653 ||| DRINKING 2 cyan potions.
   659 | D:1      | 659 ||| DROPPING scroll of poison.
   660 | D:1      | 660 ||| DROPPING potion of ambrosia.
   675 | D:2      | Found a sacrificial altar of Ru.
   963 | D:2      | Found Vioth's Jewellery Shoppe.
   972 | D:2      | 972 ||| SHOPLISTING +5 ring of evasion (468 gold, have 62).
   972 | D:2      | 972 ||| SHOPLISTING +6 ring of dexterity (468 gold, have
                  | 62).
   972 | D:2      | 972 ||| SHOPLISTING amulet of regeneration (390 gold, have
                  | 62).
   972 | D:2      | 972 ||| SHOPLISTING ring of Guahac {Fly rElec Dex+6 SInv}
                  | (731 gold, have 62).
   972 | D:2      | 972 ||| SHOPLISTING ring of ice (325 gold, have 62).
   972 | D:2      | 972 ||| SHOPLISTING ring of see invisible (195 gold, have
                  | 62).
   972 | D:2      | 972 ||| SHOPLISTING ring of willpower (325 gold, have 62).
  1349 | D:2      | Reached XP level 4. HP: 19/26 MP: 5/5
  1494 | D:2      | 1494 ||| READING scroll labelled ORITOE LOUQIT.
  1611 | D:3      | Reached skill level 4 in Ranged Weapons
  1616 | D:3      | 1616 ||| STAIRDANCE
  1690 | D:3      | 1690 ||| STAIRDANCE
  1696 | D:2      | HP: 6/26 [hobgoblin (3)]
  1703 | D:2      | HP: 4/26 [jackal (1)]
  1959 | D:3      | Found a faded altar of an unknown god.
  2151 | D:3      | Reached XP level 5. HP: 25/30 MP: 6/6
  2200 | D:3      | 2200 ||| UPGRADING to +0 helmet.
  2205 | D:3      | 2205 ||| READING scroll labelled BIX OXTUNOSUYLO.
  2206 | D:3      | 2206 ||| READING scroll labelled RIPHUM VIEKUSM.
  2207 | D:3      | 2207 ||| READING scroll labelled VETE ROSOBLIPH.
  2212 | D:3      | 2212 ||| READING 2 scrolls of identify.
  2212 | D:3      | 2212 ||| IDENTIFYING sedimented emerald potion
  2213 | D:3      | 2213 ||| DROPPING potion of attraction.
  2225 | D:4      | 2225 ||| STAIRDANCE
  2425 | D:4      | Reached skill level 5 in Ranged Weapons
  3144 | D:4      | 3144 ||| UPGRADING to +0 ring mail.
  3154 | D:4      | 3154 ||| DROPPING +0 robe.
  3155 | D:4      | 3155 ||| READING scroll labelled FIGHUUXAUM.
  3156 | D:4      | 3156 ||| READING scroll labelled DENTOTIBLY.
  3157 | D:4      | 3157 ||| READING scroll labelled OFOEFIU TOHO.
  3179 | D:4      | 3179 ||| READING 3 scrolls of identify.
  3179 | D:4      | 3179 ||| IDENTIFYING purple potion
  3180 | D:4      | 3180 ||| READING 2 scrolls of identify.
  3180 | D:4      | 3180 ||| IDENTIFYING glowing dark potion
  3203 | D:5      | Entered Level 5 of the Dungeon
  3237 | D:5      | Reached skill level 1 in Armour
  3351 | D:5      | Noticed Ijyb
  3354 | D:5      | 3354 ||| Stepping ~*~*~tactically~*~*~ (outnumbered).
  3365 | D:5      | HP: 8/32 [howler monkey (4)]
  3366 | D:5      | 3366 ||| READING scroll of teleportation.
  3367 | D:5      | 3367 ||| DRINKING potion of heal wounds.
  3369 | D:5      | Reached skill level 3 in Fighting
  3369 | D:5      | Reached XP level 6. HP: 37/37 MP: 7/7
  3417 | D:5      | HP: 9/37 [orc/+0 club (1)]
  3770 | D:5      | 3770 ||| READING scroll of enchant weapon.
  3770 | D:5      | 3770 ||| ENCHANTING +2 sling.
  3799 | D:5      | 3799 ||| READING scroll of enchant weapon.
  3799 | D:5      | 3799 ||| ENCHANTING +3 sling.
  3944 | D:5      | Killed Ijyb
  4037 | D:5      | Identified the +0 ring mail "Kimulil" {Harm rElec Regen+
                  | Str-4}
  4376 | D:5      | Found a blossoming altar of Fedhas.
  4396 | D:5      | 4396 ||| UPGRADING to ring of see invisible.
  4397 | D:5      | 4397 ||| DRINKING 2 bubbling dark potions.
  4502 | D:5      | 4502 ||| READING 2 scrolls of identify.
  4502 | D:5      | 4502 ||| IDENTIFYING black potion
  4503 | D:5      | 4503 ||| DROPPING potion of berserk rage.
  4525 | D:6      | Found a staircase to the Ecumenical Temple.
  4526 | D:6      | 4526 ||| PLANNING TEMPLE
  4533 | Temple   | Entered the Ecumenical Temple
  4562 | Temple   | 4562 ||| PLANNING OKAWARU WORSHIP
  4689 | Temple   | Became a worshipper of Warmaster Okawaru
  4690 | Temple   | 4690 ||| PLANNING D:1-11
  4736 | D:6      | HP: 8/37 [lemure[Pikel] (5)]
  4848 | D:6      | Noticed Pikel
  4872 | D:6      | HP: 5/37 [Pikel/+1 whip of flaming (9)]
  4874 | D:6      | Slain by Pikel

Levels and vault maps discovered:
D:1:      minmay_arrival_shattered_statue, layout_loops_ring,
          chequers_serial_rivers_small_a
D:2:      layout_loops_corners, basic_altar, serial_shops,
          nicolae_lakefront_shop
D:3:      layout_rooms, shapermc_ecumenical_altar_mp_urbaneastern
D:4:      layout_basic, chequers_big_river
D:5:      layout_gridville, kennysheep_little_box, uniq_ijyb
D:6:      layout_rooms, mainiacjoe_overflow_six_doors_small, kennysheep_mini,
          mainiacjoe_overflow_swirl, temple_green, kennysheep_generic_room_6,
          uniq_pikel
Temple:   hellmonk_temple_forest_ring

Skill      XL: |  1  2  3  4  5 |
---------------+----------------+-----
Ranged Weapons | 3 4 5 |  5.7
Fighting       | 2 3 |  3.5
Armour         | 1 |  1.1
Dodging        | |  1.5
Spellcasting   | |  1.0
Hexes          | |  2.6

Action                     |  1- 3 |  4- 6 || total
---------------------------+-------+-------++-------
   Fire: Sling             |   154 |   313 ||   467
    Use: Scroll            |     3 |    14 ||    17
         Potion            |     1 |     2 ||     3
 Armour: Robe              |    24 |    70 ||    94
         Ring mail         |       |    67 ||    67
  Dodge: Dodged            |    46 |   207 ||   253

Table legend:
 A = Non-vault XP
 B = Vault XP
 C = Vault XP percentage of total XP
 D = Non-vault monster count
 E = Vault monster count
 F = Vault count percentage of total count
                 A         B        C        D         E       F
            +---------+---------+-------+---------+---------+-------
      Total |     437 |      33 |   7.0 |      91 |       1 |   1.1
            +---------+---------+-------+---------+---------+-------
        D:1 |      66 |       0 |   0.0 |      28 |       0 |   0.0
        D:2 |      51 |       0 |   0.0 |      20 |       0 |   0.0
        D:3 |      60 |       0 |   0.0 |      21 |       0 |   0.0
        D:4 |      92 |       0 |   0.0 |       7 |       0 |   0.0
        D:5 |     168 |      33 |  16.4 |      15 |       1 |   6.2
            +---------+---------+-------+---------+---------+-------
